AoeStats
← Axolot

Arena

507599126Analyzed
3v3 RM · 12d ago on Sep 18, 2026· 30m 4s· 6 players
Game mode
Random Map
Map size
Normal (6 player)
Population
200
Speed
Normal
Resources
Standard
Victory
Conquest
Starting age
Dark Age
Ending age
Imperial Age
RankedLock teamsTeams togetherTeam positionsShared explorationLock speedFull tech treeHidden civsTurbo modeCheats
Victory
Defeat
🇺🇸 Cumans · United States
1399
+17
🇺🇸 Celts · United States
1395
+17
🇺🇸 Khmer · United States
1392
+17
🇦🇷 Dravidians · Argentina
1482
-20
🇦🇷 Tatars · Argentina
1435
-18
🇦🇷 Inca · Argentina
1328
-13
snowball I
9:05 Feudal Age
9:44 Double-Bit Axe
10:38 Horse Collar
21:58 Castle Age
20:14 Forging
20:12 Gold Mining
20:55 Scale Barding Armor
21:08 Loom
21:58 Wheelbarrow
21:09 Town Watch
22:48 Bloodlines
23:03 Chain Barding Armor
22:55 Bow Saw
22:47 Heavy Plow
23:25 Gold Shaft Mining
23:29 Iron Casting
22:42 Light Cavalry
24:49 Hand Cart
SlickPOPI
11:16 Feudal Age
15:25 Castle Age
13:17 Double-Bit Axe
14:13 Horse Collar
15:14 Gold Mining
15:30 Light Cavalry
20:08 Loom
22:53 Wheelbarrow
26:27 Gold Shaft Mining
27:58 Hand Cart
27:39 Stone Mining
31:55 Imperial Age
FreakinAindreas16
11:48 Feudal Age
15:35 Castle Age
14:48 Double-Bit Axe
14:45 Horse Collar
17:37 Bow Saw
24:35 Scale Mail Armor
25:56 Forging
27:10 Wheelbarrow
27:22 Chain Mail Armor
28:52 Arson
29:52 Pikeman
Axolot
10:32 Feudal Age
10:32 Loom
15:09 Castle Age
13:53 Double-Bit Axe
16:56 Bow Saw
16:47 Pikeman
17:37 Horse Collar
23:59 Sanctity
Dino_Mate
5:27 Loom
11:01 Feudal Age
15:01 Castle Age
13:17 Double-Bit Axe
16:05 Bow Saw
20:33 Wheelbarrow
19:55 Horse Collar
22:28 Heavy Plow
23:34 Gold Mining
23:47 Stone Mining
26:52 Scale Barding Armor
26:57 Forging
27:22 Bloodlines
27:12 Husbandry
28:25 Chain Barding Armor
30:05 Iron Casting
uku_
10:34 Feudal Age
14:32 Castle Age
13:51 Double-Bit Axe
15:57 Horse Collar
16:28 Bow Saw
17:52 Heavy Plow
22:45 Town Watch
23:15 Loom
24:57 Wheelbarrow
27:51 Fortified Wall
29:07 Hand Cart
29:21 Gold Mining
32:22 Imperial Age
29:51 Fletching
30:01 Padded Archer Armor
Connection lost

Rejoining the realm…

Still unreachable

The connection could not be restored.

Session expired

The server has moved on; the page needs a fresh start.